 Dungeon Crawl Stone Soup version 0.31-a0-844-gdc52ec4e09 (webtiles) character file.

Game seed: 8433726997220694733

4260 Kurtz the Cleaver (level 10, -2/64 HPs)
             Began as an Octopode Fighter on Oct 1, 2023.
             Was a Believer of Okawaru.
             Slain by a killer bee (5 damage)
             ... on level 8 of the Dungeon.
             The game lasted 00:08:55 (6843 turns).

Kurtz the Cleaver (Octopode Fighter)                Turns: 6843, Time: 00:08:55

Health: -2/64      AC:  1    Str: 17    XL:     10   Next: 31%
Magic:  11/11      EV: 13    Int: 16    God:    Okawaru [**....]
Gold:   402        SH:  5    Dex: 15    Spells: 9/9 levels left

rFire   . . .        x - +0 flail (protect)
rCold   . . .        b - +0 buckler
rNeg    . . .        (helmet restricted)
rPois   .            l - amulet of regeneration
rElec   .            i - +6 ring of intelligence
rCorr   .            (no ring)
SInv    .            (no ring)
Will    .....        (no ring)
Stlth   ++           (no ring)
HPRegen 1.10/turn    (no ring)
MPRegen 0.12/turn    (no ring)
                     (no ring)

%: no passive effects
@: lethally poisoned (-2 -> -6)
A: almost no armour, amphibious, 8 rings, camouflage 1, gelatinous body 1,
(nimble swimmer 1), tentacles
a: Renounce Religion, Heroism


You were on level 8 of the Dungeon.
You worshipped Okawaru.
Okawaru was pleased with you.
You visited 2 branches of the dungeon, and saw 9 of its levels.

You collected 402 gold pieces.

Inventory:

Hand Weapons
 a - a +0 war axe
 w - a +0 whip of electrocution
 x - a +0 flail of protection (weapon)
Missiles
 h - 8 poisoned darts
Armour
 b - a +0 buckler (worn)
Jewellery
 i - a +6 ring of intelligence (left tentacle)
 l - an amulet of regeneration (around mantle)
Wands
 s - a wand of flame (5)
 u - a wand of roots (11)
 z - a wand of light (9) (quivered)
Scrolls
 c - 2 scrolls of brand weapon {unknown}
 d - 3 scrolls of immolation {unknown}
 e - 2 scrolls of revelation {unknown}
 g - 10 scrolls of identify {unknown}
 o - a scroll of silence {unknown}
 p - 2 scrolls of fog {unknown}
 t - 2 scrolls of noise {unknown}
 y - a scroll of vulnerability {unknown}
 A - a scroll of fear {unknown}
Potions
 j - 2 potions of lignification {unknown}
 k - a potion of heal wounds {unknown}
 m - 4 potions of attraction {unknown}
 n - a potion of haste {unknown}
 q - 2 potions of resistance {unknown}
 r - a potion of brilliance {unknown}
 v - a potion of degeneration {unknown}


   Skills:
 * Level 4.3 Fighting
 * Level 14.1 Axes
 - Level 3.0 Dodging
 - Level 3.0 Shields
 * Level 2.4 Invocations


You had 9 spell levels left.
You didn't know any spells.
Your spell library contained the following spells:

 Spells                   Type           Power      Damage    Failure   Level
 Blink                    Tloc           0%         N/A       43%         2
 Sublimation of Blood     Necr           0%         N/A       43%         2
 Wereblood                Tmut           0%         N/A       43%         2
 Brom's Barrelling Bould  Conj/Erth      0%         2d3       97%         4
 Manifold Assault         Tloc           0%         N/A       97%         4
 Petrify                  Tmut/Erth      0%         N/A       97%         4
 Fireball                 Conj/Fire      0%         3d3       100%        5
 Irradiate                Conj/Tmut      0%         3d11      100%        5
 Iskenderun's Battlesphe  Conj           0%         2d6       100%        5
 Conjure Ball Lightning   Conj/Air       0%         3x3d6     100%        6
 Orb of Destruction       Conj           0%         9d5       100%        7
 Summon Hydra             Summ           Unusable   N/A       N/A         7

Dungeon Overview and Level Annotations

Branches:
Dungeon (8/15)             Temple (1/1) D:7
   Lair: D:8-11

Altars:
Ashenzari
Cheibriados
Dithmenos
Elyvilon
Fedhas
Gozag
Hepliaklqana
Kikubaaqudgha
Makhleb
Nemelex Xobeh
Okawaru
Qazlal
Ru
Trog
Uskayaw
Vehumet
Wu Jian
Xom
Yredelemnul
Zin
The Shining One

Annotations:
D:6 exclusions: 2 downstairs and 1 more exclusion
D:8 1 runed translucent door, Zxelo's ghost, novice MiFi


Innate Abilities, Weirdness & Mutations

You cannot wear most types of armour.
You are amphibious.
You can wear up to eight rings at the same time.
Your skin changes colour to match your surroundings (Stealth+).
Your rubbery body absorbs attacks. (AC +1, EV +1)
((You are camouflaged when in or above water. (Stealth+)))
You have tentacles for arms and can constrict up to eight enemies at once.


Message History

The killer bee poisons you! The killer bee stings you.
You are more poisoned.
The killer bee poisons you!
You barely miss the killer bee. Your grab misses the killer bee.
Your squeeze misses the killer bee.
You feel very sick. The killer bee stings you.
A killer bee comes into view.
The killer bee misses you.
The killer bee moves out of view.
You thump the killer bee! Your grab misses the killer bee.
Your tentacle-slap misses the killer bee.
The killer bee is heavily wounded.
You feel very sick. The killer bee stings you.
The killer bee stings you but does no damage.
You completely miss the killer bee. Your grab misses the killer bee.
You squeeze the killer bee.
The killer bee is severely wounded.
You feel very sick.
A killer bee comes into view.
You block the killer bee's attack. The killer bee barely misses you.
The killer bee moves out of view.
You feel very sick. You block the killer bee's attack.
You closely miss the killer bee. Your grab misses the killer bee.
The killer bee is severely wounded.
You feel sick.
The killer bee stings you but does no damage. x2
You closely miss the killer bee. Your grab misses the killer bee.
Your squeeze misses the killer bee.
You feel sick. The killer bee stings you. x3
* * * LOW HITPOINT WARNING * * *
You are more poisoned.
The killer bee poisons you! The killer bee stings you!
* * * LOW HITPOINT WARNING * * *
Okay, then.
It was a potion of magic.
Magic courses through your body.
* * * LOW HITPOINT WARNING * * *
You feel very sick. The killer bee completely misses you.
The killer bee stings you.
You die...

#.##.##.# ......
#.##)# # #.#####
#.##.# .### ##.#...
... ........... ### #
#..##.##.# .! ...
#..##....# .##....
#.[##..#####..y....
#########...)..y@#...#
...........##.##y#.###
##..#####.....##y†.#
#...# #.....####.##
#...# #..#.## #.#
+...# ##....### #.#
#..## #.......###.#
#..# #...........#
..#####.......#####


You could see 3 killer bees.

Vanquished Creatures
  Pikel (D:6)
  Maggie (D:7)
  Jeremiah (D:8)
  Grinder (D:3)
  A wyvern (D:5)
  Grum (D:8)
  Duvessa (D:4)
  2 water moccasins (D:6)
  3 orc warriors
  3 ogres
  2 sky beasts
  4 wolves (D:8)
  A centaur (D:8)
  2 lemures (D:6)
  Blork the orc (D:5)
  2 bullfrogs
  2 wights (D:8)
  Dowan (D:4)
  2 killer bees (D:8)
  A howler monkey (D:6)
  3 jellies
  A gnoll bouda (D:8)
  4 hounds
  4 orc priests
  5 iguanas
  5 orc wizards
  A scorpion zombie (D:3)
  8 gnolls
  11 adders
  A shadow imp (D:8)
  A white imp (D:8)
  2 adder zombies (D:3)
  4 worms
  A dart slug (D:2)
  26 orcs
  9 endoplasms
  2 giant cockroaches
  6 goblins
  5 hobgoblins
  4 jackals
  6 quokkas
  3 ball pythons
  3 ball python skeletons (D:3)
  A ball python zombie (D:3)
  3 bats
  9 kobolds
  A quokka skeleton (D:3)
  8 rats
170 creatures vanquished.

Notes
Turn   | Place    | Note
-------+----------+-------------------------------------------
     0 | D:1      | Kurtz the Octopode Fighter began the quest for the Orb.
     0 | D:1      | Reached XP level 1. HP: 16/16 MP: 1/1
    56 | D:1      | Reached XP level 2. HP: 21/21 MP: 2/2
   235 | D:1      | Reached skill level 3 in Axes
   764 | D:2      | Reached XP level 3. HP: 12/26 MP: 3/3
  1045 | D:2      | Reached skill level 4 in Axes
  1048 | D:2      | Reached XP level 4. HP: 12/31 MP: 4/4
  2105 | D:3      | Reached skill level 5 in Axes
  2105 | D:3      | Reached XP level 5. HP: 28/36 MP: 5/5
  2198 | D:3      | HP: 1/36 [orc wizard/+0 dagger (4)]
  2579 | D:3      | Reached skill level 6 in Axes
  2582 | D:3      | Reached XP level 6. HP: 36/42 MP: 6/6
  2799 | D:3      | Noticed Grinder
  2813 | D:3      | Killed Grinder
  2814 | D:3      | Reached skill level 7 in Axes
  2814 | D:3      | Reached XP level 7. HP: 12/46 MP: 7/7
  3300 | D:4      | Noticed Dowan
  3301 | D:4      | Noticed Duvessa
  3312 | D:5      | Entered Level 5 of the Dungeon
  3312 | D:5      | Noticed Blork the orc
  3317 | D:5      | Killed Blork the orc
  3318 | D:5      | Reached skill level 8 in Axes
  3469 | D:6      | Reached skill level 9 in Axes
  3469 | D:6      | Reached XP level 8. HP: 35/52 MP: 8/8
  3779 | D:5      | Noticed a wyvern
  3887 | D:4      | Found a blossoming altar of Fedhas.
  3925 | D:4      | Found a sparkling altar of Nemelex Xobeh.
  4136 | D:4      | Reached skill level 10 in Axes
  4178 | D:4      | Killed Duvessa
  4181 | D:4      | Killed Dowan
  4373 | D:5      | Killed a wyvern
  4374 | D:5      | Reached skill level 11 in Axes
  4563 | D:5      | Found a sacrificial altar of Ru.
  4640 | D:5      | Found a glowing silver altar of Zin.
  4807 | D:6      | Reached XP level 9. HP: 56/56 MP: 9/9
  5132 | D:6      | Noticed Pikel
  5150 | D:6      | Killed Pikel
  5151 | D:6      | Reached skill level 12 in Axes
  5361 | D:7      | Noticed Maggie
  5555 | D:7      | Found a staircase to the Ecumenical Temple.
  5575 | Temple   | Entered the Ecumenical Temple
  5600 | Temple   | Became a worshipper of Warmaster Okawaru
  5658 | D:7      | Killed Maggie
  5733 | D:7      | Reached skill level 13 in Axes
  5733 | D:7      | Reached skill level 1 in Invocations
  6115 | D:8      | Reached * piety under Okawaru
  6213 | D:8      | Identified the +0 leather armour "Hiebbaz" {rN+ Will- Str+4
                  | Dex+2}
  6273 | D:8      | Reached XP level 10. HP: 52/63 MP: 11/11
  6484 | D:8      | Noticed Jeremiah
  6537 | D:8      | Killed Jeremiah
  6600 | D:8      | Found a runed translucent door.
  6600 | D:8      | Found a shimmering altar of Xom.
  6600 | D:8      | Noticed Zxelo's ghost (novice MiFi)
  6601 | D:8      | Noticed a +1 scimitar of chaos
  6615 | D:8      | Noticed Grum
  6722 | D:8      | Killed Grum
  6757 | D:8      | Reached ** piety under Okawaru
  6758 | D:8      | Reached skill level 14 in Axes
  6843 | D:8      | HP: 3/64 [poisoned by a killer bee]
  6843 | D:8      | Slain by a killer bee

Illustrated notes

Levels and vault maps discovered:
D:1:      lemuel_arrival_river_ford, layout_basic,
          hangedman_abyss_or_decor_lesser_grid,
          nicolae_concentric_dashed_squares_wild, minmay_strange_pillars,
          minmay_hexomino_p4
D:2:      layout_loops_corners, roderic_nine_men_s_morris,
          minmay_split_cup_large
D:3:      layout_basic, serial_undead, serial_undead_d, serial_undead_f,
          serial_undead_d, serial_undead_d, roderic_three_in_a_row,
          cheibrodos_gnoll_hut, uniq_grinder
D:4:      layout_basic, fedhas_altar_4, nemelex_xobeh_ov_fountains_minmay,
          uniq_duvessa
D:5:      layout_cave_pools, mainiacjoe_overflow_boulevard, zin_treasury,
          uniq_blork_the_orc
D:6:      layout_cave_pods, uniq_pikel
D:7:      layout_rooms, minmay_temple_entry_junction,
          kennysheep_generic_room_12, uniq_maggie
D:8:      layout_loops_ring, mainiacjoe_overflow_small_starburst,
          ebering_ghost_xom, uniq_amaemon, uniq_jeremiah, uniq_grum
Temple:   nicolae_temple_bog_church

Skill      XL: |  1  2  3  4  5  6  7  8  9 10 |
---------------+-------------------------------+-----
Axes           | 3 4 5 6 7 9 11 13 14 | 14.1
Invocations    | 1 2 |  2.4
Fighting       | 4 |  4.3
Dodging        | |  3.0
Shields        | |  3.0

Action                     |  1- 3 |  4- 6 |  7- 9 | 10-12 || total
---------------------------+-------+-------+-------+-------++-------
  Melee: War axe           |    52 |    92 |   138 |       ||   282
         Constrict         |    12 |    20 |    50 |    14 ||    96
         Tentacles         |     4 |    18 |    64 |    22 ||   108
         Punch             |     1 |       |     3 |     1 ||     5
         Flail             |       |       |    83 |    60 ||   143
         Whip              |       |       |    18 |       ||    18
  Throw: Dart              |       |       |     6 |       ||     6
  Evoke: Wand              |       |       |    19 |     3 ||    22
    Use: Potion            |     1 |     3 |     2 |     1 ||     7
   Stab: Sleeping          |     8 |     3 |     6 |       ||    17
 Armour: Skin              |    19 |    73 |   119 |    46 ||   257
  Dodge: Dodged            |    35 |    59 |   126 |    31 ||   251
  Block: Buckler           |    12 |    11 |    35 |    14 ||    72

Table legend: (Time is in decaauts)
 A = Elapsed time spent in this place.
 B = Non-inter-level travel time spent in this place.
 C = Inter-level travel time spent in this place.
 D = Time resting spent in this place.
 E = Time spent auto-exploring this place.
 F = Levels seen in this place.
 G = Mean time per level.
                   A        B        C        D        E       F      G
               +--------+--------+--------+--------+--------+-----+--------+
         Total |   6901 |   6515 |    386 |    984 |   4103 |   9 |  766.8 |
       Dungeon |   6864 |   6505 |    359 |    984 |   4103 |   8 |  858.0 |
        Temple |     36 |      9 |     27 |      0 |      0 |   1 |   36.0 |
               +--------+--------+--------+--------+--------+-----+--------+

Top non-repeatable levels by time:
     D:2: 1329 daAuts
     D:6: 1087 daAuts
     D:3: 1018 daAuts
     D:1: 771 daAuts
     D:8: 733 daAuts
     D:4: 726 daAuts
     D:5: 651 daAuts
     D:7: 546 daAuts
  Temple: 36 daAuts
